 Dungeon Crawl Stone Soup version 0.24-a0-479-g9a978d2894 (webtiles) character file.

Game seed: 2488338463183189789

65 pk666 the Magician (level 3, -2/19 HPs)
             Began as a Deep Elf Wizard on July 9, 2019.
             Slain by a worker ant (6 damage)
             ... on level 2 of the Dungeon.
             The game lasted 00:01:53 (1634 turns).

pk666 the Magician (Deep Elf Wizard)                Turns: 1634, Time: 00:01:54

Health: -2/19      AC:  2    Str:  4    XL:     3   Next: 92%
Magic:  1/11       EV: 13    Int: 23    God:
Gold:   63         SH:  0    Dex: 13    Spells: 3/12 levels left

rFire    . . .     SeeInvis .   c - +0 dagger (pain)
rCold    . . .     Gourm    .   (no shield)
rNeg     . . .     Faith    .   a - +0 robe
rPois    .         Spirit   .   b - +0 hat
rElec    .         Reflect  .   (no cloak)
rCorr    .         Harm     .   (no gloves)
MR       .....                  (no boots)
Stlth    ++........             (no amulet)
HPRegen  0.06/turn              (no ring)
MPRegen  0.12/turn              (no ring)

@: no status effects
A: no striking features
a: no special abilities


You were on level 2 of the Dungeon.
You were hungry.

You visited 1 branch of the dungeon, and saw 2 of its levels.

You collected 63 gold pieces.

Inventory:

Hand Weapons
 c - a +0 dagger of pain (weapon)
Armour
 a - a +0 robe (worn)
 b - a +0 hat (worn)
Scrolls
 f - 5 scrolls of remove curse {unknown}
 g - a scroll of fog {unknown}
 i - a scroll of identify {unknown}
 j - a scroll of blinking {unknown}
Potions
 e - a potion of lignification {unknown}
 h - a potion of curing {unknown}
 k - a potion of heal wounds {unknown}
Comestibles
 d - 3 rations


   Skills:
 - Level 3.2 Dodging
 - Level 2.4 Stealth
 + Level 5.2 Spellcasting
 + Level 2.2 Conjurations
   Level 1.1 Summonings
 + Level 1.3 Translocations
 + Level 0.6 Fire Magic
 + Level 0.4 Air Magic
 + Level 0.7 Poison Magic


You had 3 spell levels left.
You knew the following spells:

 Your Spells              Type           Power        Failure   Level  Hunger
a - Magic Dart            Conj           ###.         3%          1    None
b - Blink                 Tloc           N/A          9%          2    None
c - Conjure Flame         Conj/Fire      ##......     16%         3    ##.....
d - Mephitic Cloud        Conj/Pois/Air  ##......     17%         3    ##.....

Your spell library contained the following spells:

 Spells                   Type           Power        Failure   Level  Hunger
 Call Imp                 Summ           ##......     9%          2    None
 Slow                     Hex            #.......     14%         2    None


Dungeon Overview and Level Annotations

Branches:
Dungeon (2/15)

Altars:
Wu Jian


Message History

Casting: Magic Dart (safe; 3% risk of failure)
Confirm with . or Enter, or press ? or * to list all spells.
You don't have enough magic to cast that spell.
The worker ant closely misses you. The worker ant bites you.
The worker ant closely misses you.
The worker ant waves its antennae.
You see here a bat corpse.
Your magical contamination has completely faded away.
Casting: Magic Dart (safe; 3% risk of failure)
Confirm with . or Enter, or press ? or * to list all spells.
Aiming: Magic Dart (safe; 3% risk of failure)
Press: ? - help, Shift-Dir - straight line, f/p - worker ant
Aim: a worker ant (heavily wounded)
The magic dart hits the worker ant but does no damage.
The worker ant is heavily wounded.
The worker ant bites you.
* * * LOW HITPOINT WARNING * * *
The worker ant bites you.
You die...

.###.#
#......#
#.# .. #.#
......#
#.# .. ...
...< #.#
.. ..# #.#
.. #.# .
#.# . #.#
..
########.#
.#
#@.......#
.####
#a########
....# #†#
.... #.#
.... #.#
.### #.#
.# #.# .#
#.# .###
#.#


You could see a worker ant.

Vanquished Creatures
  2 adders (D:2)
  A worm (D:2)
  A dart slug (D:1)
  3 leopard geckos (D:1)
  2 giant cockroaches (D:2)
  5 goblins (D:1)
  8 hobgoblins
  A quokka (D:2)
  6 bats
  A frilled lizard (D:1)
  4 kobolds (D:1)
  3 rats
37 creatures vanquished.

Notes
Turn   | Place    | Note
-------+----------+-------------------------------------------
     0 | D:1      | pk666 the Deep Elf Wizard began the quest for the Orb.
     0 | D:1      | Reached XP level 1. HP: 10/10 MP: 7/7
   138 | D:1      | Reached XP level 2. HP: 15/15 MP: 6/9
   798 | D:1      | Reached XP level 3. HP: 19/19 MP: 9/11
   817 | D:1      | Learned a level 2 spell: Blink
   821 | D:1      | Learned a level 3 spell: Conjure Flame
   825 | D:1      | Learned a level 3 spell: Mephitic Cloud
   875 | D:1      | Reached skill level 5 in Spellcasting
  1249 | D:2      | Found an ornate altar of the Wu Jian Council.
  1634 | D:2      | Slain by a worker ant

Levels and vault maps discovered:
D:1:      dpeg_arrival_arbitrary_a, layout_basic
D:2:      layout_basic, overflow_temple_1_default

Skill      XL: |  1  2  3 |
---------------+----------+-----
Dodging        | 3 |  3.2
Conjurations   | 2 |  2.2
Spellcasting   | 5 |  5.2
Stealth        | |  2.4
Summonings     | |  1.1
Translocations | |  1.3
Fire Magic     | |  0.6
Air Magic      | |  0.4
Poison Magic   | |  0.7

Action                   || total
-------------------------++-------
Melee: Dagger            ||     1
 Cast: Magic Dart        ||   106
  Eat: Chunk             ||     1
Armor: Robe              ||     4
Dodge: Dodged            ||    19

Table legend:
 A = Non-vault XP
 B = Vault XP
 C = Vault XP percentage of total XP
 D = Non-vault monster count
 E = Vault monster count
 F = Vault count percentage of total count
                 A         B        C        D         E       F
            +---------+---------+-------+---------+---------+-------
      Total |      93 |       0 |   0.0 |      37 |       0 |   0.0
            +---------+---------+-------+---------+---------+-------
        D:1 |      47 |       0 |   0.0 |      26 |       0 |   0.0
        D:2 |      46 |       0 |   0.0 |      11 |       0 |   0.0
            +---------+---------+-------+---------+---------+-------
